 Seeded DCSS version 0.29-a0-22-gbf593b16ee (webtiles) character file.

Game seed: 10000000000011 (custom seed)

351 knot the Skirmisher (level 6, -5/66 (73) HPs)
             Began as a Demonspawn Berserker on Jan 30, 2022.
             Was a Believer of Trog.
             Slain by Duvessa (21 damage)
             ... in the Ecumenical Temple.
             The game lasted 00:03:26 (3015 turns).

knot the Skirmisher (Demonspawn Berserker)          Turns: 3015, Time: 00:03:27

HP:   -5/66 (73)    AC:  2    Str: 18    XL:     6   Next: 34%
MP:   6/6           EV: 13    Int: 10    God:    Trog [**....]
Gold: 112           SH:  5    Dex: 12    Spells: 5/5 levels left

rFire   . . .      SeeInvis .   a - +0 hand axe
rCold   . . .      Faith    .   (no shield)
rNeg    . . .      Spirit   .   b - +0 animal skin
rPois   .          Reflect  +   (no helmet)
rElec   .          Harm     .   (no cloak)
rCorr   .          Rampage  .   (no gloves)
Will    ++...                   (no boots)
Stlth   ..........              d - amulet of reflection
HPRegen 1.21/turn               (no ring)
MPRegen 0.20/turn               (no ring)

@: berserking (expiring), strong-willed (expiring), regenerating (expiring),
heavily drained, very quick
A: magic regeneration, demonic touch 2
a: Renounce Religion, Berserk, Trog's Hand


You were in the Ecumenical Temple.
You worshipped Trog.
Trog was pleased with you.
You visited 2 branches of the dungeon, and saw 5 of its levels.

You collected 112 gold pieces.

Inventory:

Hand Weapons
 a - a +0 hand axe (weapon)
Missiles
 f - 71 stones (quivered)
 k - a poisoned dart
 p - 4 boomerangs
Armour
 b - a +0 animal skin (worn)
Jewellery
 d - an amulet of reflection (around neck)
Wands
 n - a wand of polymorph (8)
Scrolls
 c - a scroll of amnesia {unknown}
 i - 2 scrolls of identify {unknown}
 m - 2 scrolls of blinking {unknown}
 o - a scroll of fog {unknown}
Potions
 e - a potion of curing {unknown}
 g - a potion of lignification {unknown}
 h - a potion of might {unknown}
 j - a potion of magic {unknown}
 l - a potion of heal wounds {unknown}


   Skills:
 + Level 4.3 Fighting
 + Level 4.0 Axes
 + Level 3.3 Armour
 + Level 3.4 Dodging


You had 5 spell levels left.
You didn't know any spells.
Your spell library contained the following spells:

 Spells                   Type           Power      Damage    Failure   Level
 Corpse Rot               Necr/Air       0%         N/A       50%         2
 Ensorcelled Hibernation  Hex/Ice        0%         N/A       50%         2
 Passwall                 Tmut/Erth      0%         N/A       50%         2
 Poisonous Vapours        Pois/Air       0%         N/A       50%         2
 Swiftness                Air            0%         N/A       75%         3


Dungeon Overview and Level Annotations

Branches:
Dungeon (4/15)             Temple (1/1) D:4

Altars:
Qazlal

Shops:
D:3 [

Annotations:
Temple Duvessa


Innate Abilities, Weirdness & Mutations

You regenerate magic rapidly.
Your touch may inflict irresistible damage on your foes.


Message History

You closely miss Dowan. Duvessa barely misses you.
You closely miss Duvessa.
You touch Duvessa.
Duvessa is lightly wounded.
You slash Dowan! Dowan hits you with a +0 dagger. Duvessa closely misses you.
You slash Dowan!
You touch Dowan.
You kill Dowan!
Trog accepts your kill.
Trog appreciates your killing of a magic user.
Duvessa weeps, and shakes her weapon.
Duvessa goes berserk!
You hit Duvessa.
Duvessa hits you with a +2 short sword of draining!
You feel drained.
Your Axes skill increases to level 4!
You hit Duvessa but do no damage. Your touch misses Duvessa.
Duvessa is lightly wounded.
Duvessa hits you with a +2 short sword of draining!
* * * LOW HITPOINT WARNING * * *
You feel drained.
* * * LOW HITPOINT WARNING * * *
You closely miss Duvessa.
Duvessa is lightly wounded.
Duvessa completely misses you.
You slash Duvessa!
Duvessa is moderately wounded.
Duvessa closely misses you.
You feel the effects of Trog's Hand fading.
Duvessa misses you.
You climb downwards.
Welcome back to the Ecumenical Temple!
You feel a strong urge to attack something.
There is a staircase back to the Dungeon here.
You slash Duvessa!
Duvessa is heavily wounded.
Duvessa hits you with a +2 short sword of draining.
* * * LOW HITPOINT WARNING * * *
You feel drained.
* * * LOW HITPOINT WARNING * * *
You hit Duvessa.
You touch Duvessa.
Duvessa is severely wounded.
Duvessa hits you with a +2 short sword of draining!!
You die...

...............
...............
......._.......
...............
...............
...............
...............
.......@.......
........e......
...............
...............
...............
.......8.......
...............
...............


You could see Duvessa (berserk).

Vanquished Creatures
  An ogre (D:3)
  A scorpion (D:4)
  Dowan (D:4)
  A centaur skeleton (D:4)
  Ijyb (D:4)
  5 adders
  6 endoplasms
  A giant cockroach (D:1)
  5 goblins
  4 hobgoblins
  14 jackals
  A quokka (D:4)
  2 ball pythons
  7 bats
  5 frilled lizards
  3 kobolds
  5 rats
63 creatures vanquished.

Notes
Turn   | Place    | Note
-------+----------+-------------------------------------------
     0 | D:1      | knot the Demonspawn Berserker began the quest for the Orb.
     0 | D:1      | Reached XP level 1. HP: 18/18 MP: 1/1
   193 | D:1      | Gained mutation: You regenerate magic rapidly. [demonic
                  | ancestry]
   193 | D:1      | Reached XP level 2. HP: 15/24 MP: 2/2
  1089 | D:2      | Gained mutation: Your touch may inflict minor irresistible
                  | damage on your foes. [demonic ancestry]
  1089 | D:2      | Reached XP level 3. HP: 29/29 MP: 3/3
  1119 | D:2      | Reached ** piety under Trog
  1566 | D:2      | Reached XP level 4. HP: 30/35 MP: 4/4
  1934 | D:3      | Noticed an ogre
  1942 | D:3      | Killed an ogre
  1943 | D:3      | Reached XP level 5. HP: 30/42 MP: 5/5
  2453 | D:3      | Found Daocsar's Antique Armour Emporium.
  2829 | D:4      | Found a staircase to the Ecumenical Temple.
  2847 | D:4      | Gained mutation: Your touch may inflict irresistible damage
                  | on your foes. [demonic ancestry]
  2847 | D:4      | Reached XP level 6. HP: 39/48 MP: 6/6
  2874 | D:4      | Noticed Ijyb
  2889 | D:4      | Killed Ijyb
  2906 | D:4      | Noticed Dowan
  2906 | D:4      | Noticed Duvessa
  2915 | Temple   | Entered the Ecumenical Temple
  3008 | D:4      | Killed Dowan
  3015 | Temple   | Slain by Duvessa

Illustrated notes

Levels and vault maps discovered:
D:1:      lordsloth_arrival_two_stooges, layout_basic, grunt_decor_fettered,
          minmay_misc_feat_diagonals, nicolae_concentric_dashed_squares_wild
D:2:      layout_rooms, hangedman_decor_clover_reticule
D:3:      layout_basic, serial_shops, shop, kennysheep_path_1
D:4:      layout_rooms, temple_doors_e, uniq_duvessa, uniq_ijyb
Temple:   dshaligram_water_room_temple

Skill      XL: |  1  2  3  4  5  6 |
---------------+-------------------+-----
Armour         | 2 3 |  3.3
Dodging        | 2 3 |  3.4
Axes           | 3 4 |  4.0
Fighting       | 4 |  4.3

Action                   |  1- 3 |  4- 6 || total
-------------------------+-------+-------++-------
Melee: Hand axe          |    98 |    94 ||   192
       Touch             |     5 |    13 ||    18
       Punch             |       |     2 ||     2
Throw: Dart              |       |     4 ||     4
       Stone             |       |     2 ||     2
Invok: Berserk           |       |     4 ||     4
       Trog's Hand       |       |     1 ||     1
Armor: Animal skin       |    26 |    20 ||    46
Dodge: Dodged            |    75 |    63 ||   138
Block: Other             |    33 |    29 ||    62

Table legend: (Time is in decaauts)
 A = Elapsed time spent in this place.
 B = Non-inter-level travel time spent in this place.
 C = Inter-level travel time spent in this place.
 D = Time resting spent in this place.
 E = Time spent auto-exploring this place.
 F = Levels seen in this place.
 G = Mean time per level.
                   A        B        C        D        E       F      G
               +--------+--------+--------+--------+--------+-----+--------+
         Total |   3069 |   3028 |     41 |    571 |   2002 |   5 |  613.8 |
       Dungeon |   2973 |   2932 |     41 |    479 |   2002 |   4 |  743.2 |
        Temple |     96 |     96 |      0 |     92 |      0 |   1 |   96.0 |
               +--------+--------+--------+--------+--------+-----+--------+

Top non-repeatable levels by time:
     D:1: 1087 daAuts
     D:2: 772 daAuts
     D:3: 737 daAuts
     D:4: 376 daAuts
  Temple: 96 daAuts
